 Dungeon Crawl Stone Soup version 0.25-a0-861-g340c9e8194 (webtiles) character file.

Game seed: 7018027524959639171, levelgen mode: deterministic

10378 Error4North the Blocker (level 11, 0/95 HPs)
             Began as a Hill Orc Fighter on Apr 28, 2020.
             Was a High Priest of Okawaru.
             Slain by an orc warrior
             ... wielding a +0 halberd
              (10 damage)
             ... on level 2 of the Orcish Mines on Apr 29, 2020.
             The game lasted 00:40:17 (11493 turns).

Error4North the Blocker (Hill Orc Fighter)         Turns: 11493, Time: 00:40:18

Health: 0/95       AC: 27    Str: 23      XL:     11   Next: 61%
Magic:  15/15      EV:  7    Int:  7 (8)  God:    Okawaru [*****.]
Gold:   1212       SH: 22    Dex:  9 (10) Spells: 10/10 levels left

rFire    . . .     SeeInvis +   F - +3 war axe of Armageddon {drain, rPois rN+ Stlth+}
rCold    . . .     Gourm    .   p - +1 tower shield
rNeg     + . .     Faith    .   o - +0 plate armour
rPois    +         Spirit   .   D - +2 helmet {SInv}
rElec    .         Reflect  .   r - +1 cloak
rCorr    .         Harm     .   C - +2 pair of gloves
MR       .....     Clarity  +   g - +0 pair of boots Stlth ..........Rnd*Tele +
                                (no amulet)
HPRegen  0.25/turn              u - ring of flight
MPRegen  0.14/turn              v - ring of poison resistance

@: heroism, finesse, lightly drained
A: clarity, deterioration 2, teleportitis 1
a: Heroism, Finesse, Renounce Religion, Convert to Beogh, Evoke Flight


You were on level 2 of the Orcish Mines.
You worshipped Okawaru.
Okawaru was extremely pleased with you.
You were hungry.

You visited 3 branches of the dungeon, and saw 13 of its levels.

You collected 1212 gold pieces.

Inventory:

Hand Weapons
 n - a +1 hand axe of flaming
 F - the +3 war axe of Armageddon (weapon) {drain, rPois rN+ Stlth+}
   (Okawaru gifted it to you on level 2 of the Orcish Mines)

   A truly terrible weapon, it drains the life of those it strikes.
   It protects you from poison.
   It protects you from negative energy.
   It makes you more stealthy.
Missiles
 m - 15 boomerangs (quivered)
Armour
 g - a +0 pair of boots (worn)
 o - a +0 plate armour (worn)
 p - a +1 tower shield (worn)
 r - a +1 cloak (worn)
 C - a +2 pair of gloves (worn)
 D - a +2 helmet of see invisible (worn)
Jewellery
 u - a ring of flight (left hand)
 v - a ring of poison resistance (right hand)
Wands
 c - a wand of flame (11)
 E - a wand of acid (9)
Scrolls
 a - 5 scrolls of teleportation
 d - 4 scrolls of immolation {unknown}
 e - 2 scrolls of fog {unknown}
 h - 6 scrolls of magic mapping {unknown}
 j - 8 scrolls of identify
 l - 5 scrolls of remove curse {unknown}
 q - a scroll of fear {unknown}
 w - 3 scrolls of blinking {unknown}
 x - 2 scrolls of amnesia {unknown}
 y - 2 scrolls of enchant weapon {unknown}
 A - 2 scrolls of brand weapon {unknown}
 B - 2 scrolls of noise {unknown}
Potions
 i - 4 potions of curing
 k - 5 potions of stabbing
 s - a potion of lignification
 t - a potion of brilliance
 z - a potion of might
Comestibles
 f - 22 rations


   Skills:
 * Level 8.4(12.9) Fighting
 + Level 10.2(14.7) Axes
 + Level 1.2(5.8) Throwing
 * Level 8.7(13.2) Armour
 + Level 0.6(5.2) Dodging
 + Level 0.5(5.1) Stealth
 * Level 12.1(16.6) Shields
 * Level 6.6(6.2) Invocations
 * Level 4.7(4.3) Evocations


You had 10 spell levels left.
You didn't know any spells.
Your spell library contained the following spells:

 Spells                   Type           Power        Failure   Level  Hunger
 Animate Skeleton         Necr           N/A          100%        1    ##.....
 Apportation              Tloc           #.....       100%        1    ##.....
 Corona                   Hex            #......      100%        1    ##.....
 Summon Small Mammal      Summ           #...         100%        1    ##.....
 Confusing Touch          Hex            #.......     100%        3    ####...
 Gell's Gravitas          Tloc           #.........   100%        3    ####...
 Petrify                  Tmut/Erth      #.......     100%        4    #####..
 Metabolic Englaciation   Hex/Ice        #.........   100%        5    ######.
 Yara's Violent Unravell  Hex/Tmut       #.........   100%        5    ######.


Dungeon Overview and Level Annotations

Branches:
Dungeon (10/15)            Temple (1/1) D:6             Orc (2/2) D:9
   Lair: D:8-11         Elf: Orc:2

Altars:
Ashenzari
Cheibriados
Dithmenos
Elyvilon
Fedhas
Gozag
Hepliaklqana
Kikubaaqudgha
Makhleb
Nemelex Xobeh
Okawaru
Qazlal
Ru
Sif Muna
Trog
Uskayaw
Vehumet
Wu Jian
Xom
Yredelemnul
Zin
The Shining One

Shops:
Orc:2 =


Innate Abilities, Weirdness & Mutations

You possess an exceptional clarity of mind.
Your body often deteriorates upon taking damage.
You are occasionally teleported next to monsters.


Message History

You feel strangely stable.
You feel magically purged.
The orc priest calls upon Beogh to heal the orc knight.
The orc knight's wounds heal themselves!
You block the orc high priest's attack.
The smoke demon hits you but does no damage.
The smoke demon hits you.
The smoke demon hits you but does no damage.
You block the orc high priest's attack. You block the orc knight's attack.
The orc sorcerer gestures at you while chanting.
The bolt of fire hits you!!
* * * LOW HITPOINT WARNING * * *
Your body deteriorates!
You feel dopey.
The orc warrior hits you with a +0 long sword.
* * * LOW HITPOINT WARNING * * *
The orc wizard hits you with a +0 dagger.
* * * LOW HITPOINT WARNING * * *
The orc sorcerer mumbles some strange words.
The orc warrior hits you from afar with a +0 halberd!
You die...

........# ###
........# ##
....∩
........# # .
##.##..
........# ##.
.##.....##
........#
#..##4........
..<.....#
#.o34o434.....
........#


#oooooo.... ........# ##ooooooo.. .)......# ##@ooooo.# #.......# #...oo3#o#...
..#.....# ##...o.# # o ...#....# ###...# ....#...# ##### ........ .##... . .#
##.. ## You could see 4 orc knights, a soul eater, 3 orc high priests, a sun
demon, a rust devil, a smoke demon, a chaos spawn, 3 orc sorcerers, 2 red
devils, 6 orc warriors, 4 orc priests and 4 orc wizards.

Vanquished Creatures
  A yaktaur captain (D:8)
  2 two-headed ogres
  Pikel (D:7)
  An orc knight (Orc:2)
  An orc sorcerer (Orc:1)
  2 trolls (D:10)
  8 yaks
  A steam dragon (D:7)
  A hungry ghost (D:9)
  A black bear (D:8)
  8 orc warriors
  3 slaves
  2 phantoms (D:8)
  An ice beast (D:5)
  7 ogres
  An eye of draining (D:10)
  3 necrophages
  2 centaurs
  A crocodile (D:9)
  2 big kobolds
  5 bullfrogs
  A wyvern zombie (D:9)
  A gnoll sergeant (D:8)
  A wyvern skeleton (D:9)
  3 scorpions
  7 wights
  A howler monkey (D:5)
  2 crimson imps
  6 hounds
  A centaur skeleton (D:7)
  7 orc priests
  An iguana (D:4)
  3 bullfrog skeletons (D:9)
  3 hell rats (D:6)
  12 worker ants
  17 orc wizards
  A hound zombie (D:9)
  2 hound skeletons
  2 worker ant zombies (D:9)
  A howler monkey skeleton (D:10)
  9 gnolls
  10 adders
  4 river rats (D:6)
  A shadow imp (D:9)
  2 oozes
  An adder zombie (D:6)
  3 adder skeletons
  2 worms
  3 dart slugs
  4 leopard geckos
  60 orcs
  2 ball pythons
  4 bats
  3 giant cockroaches
  8 goblins
  8 hobgoblins
  7 jackals
  6 quokkas
  7 frilled lizards
  7 kobolds
  19 rats
296 creatures vanquished.

Notes
Turn   | Place    | Note
-------+----------+-------------------------------------------
     0 | D:1      | Error4North the Hill Orc Fighter began the quest for the
                  | Orb.
     0 | D:1      | Reached XP level 1. HP: 19/19 MP: 1/1
   167 | D:1      | Reached XP level 2. HP: 14/27 MP: 2/2
   782 | D:2      | Found a sparkling altar of Nemelex Xobeh.
   894 | D:2      | Reached XP level 3. HP: 32/33 MP: 3/3
  1397 | D:3      | Reached XP level 4. HP: 37/40 MP: 4/4
  1480 | D:3      | Reached skill level 4 in Shields
  1664 | D:3      | Reached XP level 5. HP: 46/47 MP: 5/5
  2172 | D:4      | Found an opulent altar of Gozag.
  2225 | D:4      | Reached skill level 5 in Shields
  2225 | D:4      | Reached XP level 6. HP: 34/53 MP: 6/6
  2238 | D:4      | Upgraded the game from 0.25-a0-860-gf695395b5c to
                  | 0.25-a0-861-g340c9e8194
  2780 | D:4      | Found a snail-covered altar of Cheibriados.
  3100 | D:5      | Entered Level 5 of the Dungeon
  3112 | D:5      | Reached skill level 5 in Axes
  3296 | D:5      | Reached skill level 6 in Shields
  3296 | D:5      | Reached XP level 7. HP: 60/60 MP: 7/7
  3327 | D:5      | Found a sacrificial altar of Ru.
  3347 | D:5      | Reached skill level 5 in Fighting
  3758 | D:6      | Reached skill level 7 in Shields
  3830 | D:6      | Found a staircase to the Ecumenical Temple.
  3839 | Temple   | Entered the Ecumenical Temple
  3914 | D:6      | Reached skill level 5 in Armour
  3914 | D:6      | Reached XP level 8. HP: 65/69 MP: 8/8
  4101 | D:6      | Found an iron altar of Okawaru.
  4117 | D:6      | Became a worshipper of Warmaster Okawaru
  4590 | D:6      | Reached skill level 1 in Invocations
  4604 | D:6      | Found the +2 ratskin cloak {+Rats rPois rN+ Str-1 Int-1
                  | Dex+1}
  5078 | D:7      | Noticed Pikel
  5088 | D:6      | Reached skill level 8 in Shields
  5228 | D:7      | Reached skill level 1 in Evocations
  5566 | D:7      | Reached XP level 9. HP: 56/75 MP: 10/10
  5635 | D:7      | Found a radiant altar of Vehumet.
  5688 | D:7      | Found a blossoming altar of Fedhas.
  5689 | D:7      | Found a hide-covered altar of Uskayaw.
  5689 | D:7      | Found a shimmering altar of Xom.
  5807 | D:7      | Reached * piety under Okawaru
  6070 | D:7      | Found a hazy altar of Hepliaklqana.
  6187 | D:7      | Reached skill level 9 in Shields
  6228 | D:7      | Gained mutation: Your body sometimes deteriorates upon
                  | taking damage. [potion of mutation]
  6228 | D:7      | Gained mutation: Your body often deteriorates upon taking
                  | damage. [potion of mutation]
  6228 | D:7      | Gained mutation: You are occasionally teleported next to
                  | monsters. [potion of mutation]
  6228 | D:7      | Gained mutation: You possess an exceptional clarity of
                  | mind. [potion of mutation]
  6242 | D:7      | Killed Pikel
  6409 | D:7      | Reached ** piety under Okawaru
  6617 | D:7      | Found a bloodstained altar of Trog.
  7046 | D:8      | Reached XP level 10. HP: 82/82 MP: 13/13
  7259 | D:8      | Reached skill level 10 in Shields
  7295 | D:8      | Reached skill level 1 in Throwing
  7564 | D:8      | Noticed a yaktaur captain
  7612 | D:8      | Killed a yaktaur captain
  7612 | D:8      | Reached *** piety under Okawaru
  7942 | D:8      | Noticed a two-headed ogre
  8028 | D:8      | Killed a two-headed ogre
  8028 | D:8      | Received a gift from Okawaru
  8028 | D:8      | Reached **** piety under Okawaru
  8694 | D:9      | Reached skill level 5 in Invocations
  8797 | D:9      | Found a staircase to the Orcish Mines.
  9061 | D:9      | Reached skill level 11 in Shields
  9362 | D:9      | Reached XP level 11. HP: 78/94 MP: 13/15
  9478 | D:9      | Found a shimmering altar of Xom.
  9854 | D:10     | Entered Level 10 of the Dungeon
 10223 | D:10     | Noticed a two-headed ogre
 10268 | D:10     | Killed a two-headed ogre
 10268 | D:10     | Reached ***** piety under Okawaru
 10343 | D:10     | Reached skill level 10 in Axes
 10766 | Orc:1    | Entered Level 1 of the Orcish Mines
 11188 | Orc:2    | Entered Level 2 of the Orcish Mines
 11188 | Orc:2    | Noticed an orc knight
 11188 | Orc:2    | Noticed an orc sorcerer
 11206 | Orc:1    | Killed an orc sorcerer
 11385 | Orc:1    | Reached skill level 12 in Shields
 11413 | Orc:2    | Killed an orc knight
 11413 | Orc:2    | Received a gift from Okawaru
 11418 | Orc:2    | Got a twisted war axe {god gift}
 11419 | Orc:2    | Identified the +3 war axe of Armageddon {drain, rPois rN+
                  | Stlth+} (Okawaru gifted it to you on level 2 of the Orcish
                  | Mines)
 11481 | Orc:2    | Noticed an orc knight
 11481 | Orc:2    | Noticed an orc knight
 11481 | Orc:2    | Noticed an orc knight
 11481 | Orc:2    | Noticed an orc high priest
 11481 | Orc:2    | Noticed an orc high priest
 11481 | Orc:2    | Noticed an orc high priest
 11481 | Orc:2    | Noticed an orc sorcerer
 11481 | Orc:2    | Noticed an orc sorcerer
 11481 | Orc:2    | Noticed an orc knight
 11482 | Orc:2    | Noticed an orc sorcerer
 11482 | Orc:2    | Noticed an orc sorcerer
 11485 | Orc:2    | Found Gozaac's Jewellery Emporium.
 11486 | Orc:2    | Noticed a soul eater
 11490 | Orc:2    | Noticed a sun demon
 11493 | Orc:2    | Slain by an orc warrior

Levels and vault maps discovered:
D:1:      sevenhm_arrival_forest_fort_small_3, layout_basic,
          kennysheep_minor_cross, corexii_leaking_fountain
D:2:      layout_basic, first_ration, nemelex_lonely_heart_becter
D:3:      minmay_octagon_keep, layout_basic, serial_bayou_pond_d
D:4:      layout_basic, grunt_gozag_statues, kennysheep_slug_shrine,
          st_stairs_14
D:5:      layout_gridville, nicolae_ru_great_annihilating_truth
D:6:      wander_guarded_unrand_ratskin, layout_gridville,
          overflow_temple_1_default, minmay_temple_entry_steel_oval
D:7:      layout_basic, nicolae_overflow_quartered_altars, fiery_altar_vehumet,
          trog_three_pillars_becter, uniq_pikel
D:8:      layout_loops_corners, blue_anna_alchemist [blue_anna_fruit_fields,
          blue_anna_fruit_fields], kennysheep_just_a_vault
D:9:      layout_roguey, erik_orc_3, basic_altar
D:10:     layout_rooms
Temple:   nicolae_temple_god_jail
Orc:1:    layout_diamond_mine
Orc:2:    st_orc_elflike, layout_caves, serial_shops, shop_fountains,
          abandoned_shop

Skill      XL: |  1  2  3  4  5  6  7  8  9 10 11 |
---------------+----------------------------------+-----
Fighting       | 4 5 6 7 8 |  8.4
Axes           | 3 4 5 6 7 8 9 10 | 10.2
Shields        | 4 5 6 7 8 9 11 12 | 12.1
Armour         | 4 5 6 7 8 |  8.7
Invocations    | 1 4 5 6 |  6.6
Evocations     | 1 2 3 4 |  4.7
Throwing       | 1 |  1.2
Dodging        | |  0.6
Stealth        | |  0.5

Action                   |  1- 3 |  4- 6 |  7- 9 | 10-12 || total
-------------------------+-------+-------+-------+-------++-------
Melee: War axe           |    78 |       |       |    15 ||    93
       Hand axe          |    17 |   170 |   487 |   597 ||  1271
Throw: Boomerang         |       |       |    19 |    19 ||    38
Invok: Heroism           |       |       |       |     9 ||     9
       Finesse           |       |       |       |     1 ||     1
Evoke: Wand              |       |       |       |     3 ||     3
  Use: Potion            |     4 |       |     7 |     6 ||    17
       Scroll            |       |     1 |     2 |     8 ||    11
 Stab: Paralysed         |       |       |     1 |       ||     1
  Eat: Chunk             |     1 |     7 |     9 |    13 ||    30
       Ration            |       |       |     1 |     1 ||     2
Armor: Scale mail        |    42 |       |       |       ||    42
       Plate armour      |     9 |   131 |   210 |   169 ||   519
       Skin              |       |       |     7 |       ||     7
Dodge: Dodged            |    33 |     7 |    37 |    40 ||   117
Block: Kite shield       |    47 |       |       |       ||    47
       Tower shield      |    17 |   154 |   435 |   471 ||  1077

Table legend:
 A = Non-vault XP
 B = Vault XP
 C = Vault XP percentage of total XP
 D = Non-vault monster count
 E = Vault monster count
 F = Vault count percentage of total count
                 A         B        C        D         E       F
            +---------+---------+-------+---------+---------+-------
      Total |   12461 |    2365 |  16.0 |     240 |      53 |  18.1
            +---------+---------+-------+---------+---------+-------
        D:1 |      25 |       0 |   0.0 |      15 |       0 |   0.0
        D:2 |      56 |       0 |   0.0 |      11 |       0 |   0.0
        D:3 |      44 |      60 |  57.7 |      17 |      11 |  39.3
        D:4 |     300 |       7 |   2.3 |      18 |       2 |  10.0
        D:5 |     368 |      41 |  10.0 |      13 |       4 |  23.5
        D:6 |    1143 |     170 |  12.9 |      33 |      21 |  38.9
        D:7 |    1511 |     641 |  29.8 |      32 |       1 |   3.0
        D:8 |    1930 |    1141 |  37.2 |      28 |       2 |   6.7
        D:9 |    2267 |     305 |  11.9 |      29 |      12 |  29.3
       D:10 |    3089 |       0 |   0.0 |      28 |       0 |   0.0
      Orc:1 |     890 |       0 |   0.0 |      11 |       0 |   0.0
      Orc:2 |     838 |       0 |   0.0 |       5 |       0 |   0.0
            +---------+---------+-------+---------+---------+-------
